Map: Tourmaline LE

Players

Bromaria

  • Race: Protoss Protoss
  • League: Diamond
  • Spawn Location: 7:00

A.I. 1 (Very Easy) - Winner!

  • Race: Zerg Zerg
  • Spawn Location: 1:00

VOD

Have the link to the VOD?

Description

Time

  • Played on: Feb. 28, 2026, 3:35 p.m.
  • Length: 5:04
Show
View Real Time Build Order
Export as new Build Order

Bromaria Protoss 

Build Orders: 1 Gate Expand, Oracle Opening 

Get SALT Encoding   

  12  0:00  Probe  
  13  0:12  Probe  
  14  0:17  Pylon  
  14  0:23  Probe  
  15  0:32  Probe  
  15  0:38  Gateway  
  15  0:40  Probe  
  16  0:46  Assimilator  
  17  0:51  Probe  
  18  1:03  Probe  
  19  1:15  Probe  
  20  1:24  Nexus  
  20  1:34  Cybernetics Core  
  20  1:38  Probe  
  21  1:44  Assimilator  
  21  1:50  Probe  
  22  1:54  Pylon  
  22  2:02  Adept, Probe  
  23  2:15  Stargate  
  25  2:18  Probe  
  25  2:21  Warp Gate  
  26  2:30  Probe  
  26  2:32  Adept, Probe  
  30  2:40  Probe  
  30  2:43  Probe  
  31  2:49  Oracle  
  31  2:50  Probe  
  32  2:55  Probe  
  34  3:02  Probe  
  38  3:05  Gateway  
  38  3:07  Probe  
  39  3:14  Probe  
  39  3:19  Probe  
  41  3:25  Pylon  
  41  3:26  Oracle  
  44  3:31  Probe  
  44  3:32  Probe  
  46  3:43  Nexus  
  46  3:45  Probe  
  46  3:47  Probe  
  48  3:54  Assimilator  
  48  3:56  Assimilator  
  48  4:00  Probe  
  49  4:03  Twilight Council  
  49  4:04  Probe  
  49  4:09  Forge  
  50  4:12  Adept  
  50  4:14  Adept  
  54  4:25  Pylon  
  54  4:33  Gateway  
  54  4:35  Gateway  
  54  4:39  Probe  
  54  4:40  Probe  
  56  4:47  Probe  
  56  4:48  Probe  
Show
View Real Time Build Order
Export as new Build Order

A.I. 1 (Very Easy) Zerg - Winner!

Build Orders: Pool Only 

Get SALT Encoding   

  12  0:01  Drone  
  13  0:12  Overlord  
  13  0:16  Drone  
  14  0:35  Spawning Pool  
  14  0:36  Extractor  
  14  0:40  Drone  
  13  0:47  Drone  
  14  0:52  Overlord  
  14  1:23  Zergling x2  
  14  1:25  Queen  
  15  1:32  Roach Warren  
  16  1:36  Drone  
  17  1:40  Extractor  
  17  1:43  Drone  
  17  1:49  Zergling x2  
  18  2:03  Drone  
  19  2:10  Drone  
  20  2:16  Zergling x2  
  20  2:19  Drone  
  22  2:29  Overlord  
  22  2:32  Drone  
  23  2:39  Drone  
  23  2:42  Roach  
  26  2:46  Drone  
  27  3:59  Drone  
  23  4:06  Drone  
  24  4:13  Drone  
  25  4:20  Drone  
  26  4:27  Drone  
Tags
 
Add a new tag
Caveats
  • Supply blocks, unpowered buildings, or Contaminate may cause inaccurate times.
  • Supply counts are checked every 10 seconds.